 Dungeon Crawl Stone Soup version 0.29.1-2-gbd0b4ee654 (webtiles) character file.

Game seed: 7806011879430942

636 RUZZLEFAZAZZLE the Shield-Bearer (level 7, -1/60 HPs)
             Began as a Gnoll Fighter on Nov 26, 2022.
             Was an Initiate of Okawaru.
             Slain by a gnoll
             ... wielding a +0 spear
             ... led by a gnoll sergeant
              (6 damage)
             ... on level 5 of the Dungeon.
             The game lasted 00:10:54 (4611 turns).

RUZZLEFAZAZZLE the Shield-Bearer (Gnoll Fighter)    Turns: 4611, Time: 00:10:54

Health: -1/60      AC: 10    Str: 18    XL:     7   Next: 50%
Magic:  10/10      EV:  8    Int:  7    God:    Okawaru [......]
Gold:   79         SH:  6    Dex:  9    Spells: 11/11 levels left

rFire   . . .      SeeInvis +   d - +1 hand axe (vorpal)
rCold   . . .      Faith    .   c - +1 buckler
rNeg    . . .      Spirit   .   i - +0 chain mail
rPois   .          Reflect  .   (no helmet)
rElec   .          Harm     .   (no cloak)
rCorr   .          Rampage  .   (no gloves)
Will    +....                   (no boots)
Stlth   ..........              (no amulet)
HPRegen 0.20/turn               o - ring of see invisible
MPRegen 0.12/turn               (no ring)

@: on berserk cooldown, slowed, very slow
A: fangs 1, strong nose, distributed training, clumsy 1, strong-willed 1, sturdy
frame 1
a: Renounce Religion


You were on level 5 of the Dungeon.
You worshipped Okawaru.
Okawaru was noncommittal.
You visited 2 branches of the dungeon, and saw 6 of its levels.

You collected 207 gold pieces.
You spent 128 gold pieces at shops.

Inventory:

Hand Weapons
 a - a +0 war axe
 d - a +1 vorpal hand axe (weapon)
 p - a +2 spear of distortion
Armour
 c - a +1 buckler (worn)
 e - an orb of mayhem
 g - an orb of wrath
 i - a +0 chain mail (worn)
Jewellery
 k - a ring of poison resistance
 o - a ring of see invisible (left hand)
Scrolls
 b - a scroll of fear
 h - a scroll of magic mapping {unknown}
 j - 6 scrolls of identify
 m - a scroll of teleportation
Potions
 l - a potion of berserk rage


   Skills:
 + Level 7.1 Fighting
 + Level 2.6 Short Blades
 + Level 2.6 Long Blades
 + Level 5.3 Axes
 + Level 2.6 Maces & Flails
 + Level 2.6 Polearms
 + Level 2.6 Staves
 + Level 2.6 Ranged Weapons
 + Level 2.6 Throwing
 + Level 7.1 Armour
 + Level 2.6 Dodging
 + Level 2.6 Stealth
 + Level 7.1 Shields
 + Level 2.6 Unarmed Combat
 + Level 2.6 Spellcasting
 + Level 2.1 Conjurations
 + Level 2.1 Hexes
 + Level 2.1 Summonings
 + Level 2.1 Necromancy
 + Level 2.1 Translocations
 + Level 2.1 Transmutations
 + Level 2.1 Fire Magic
 + Level 2.1 Ice Magic
 + Level 2.1 Air Magic
 + Level 2.1 Earth Magic
 + Level 2.1 Poison Magic
 + Level 2.9 Invocations
 + Level 2.6 Evocations


You had 11 spell levels left.
You didn't know any spells.
Your spell library contained the following spells:

 Spells                   Type           Power      Damage    Failure   Level
 Beastly Appendage        Tmut           6%         N/A       73%         1
 Static Discharge         Conj/Air       3%         3-4/arc   86%         2
 Wereblood                Tmut           3%         N/A       86%         2
 Gell's Gravitas          Tloc           3%         N/A       97%         3
 Lesser Beckoning         Tloc           3%         N/A       97%         3
 Spider Form              Tmut/Pois      3%         N/A       97%         3
 Teleport Other           Tloc           3%         N/A       97%         3
 Lightning Bolt           Conj/Air       1%         1d12      100%        5
 Maxwell's Capacitive Co  Air            1%         ∞         100%        8


Dungeon Overview and Level Annotations

Branches:
Dungeon (5/15)             Temple (1/1) D:4

Altars:
Cheibriados
Dithmenos
Elyvilon
Fedhas
Gozag
Hepliaklqana
Kikubaaqudgha
Nemelex Xobeh
Okawaru
Qazlal
Ru
Trog
Uskayaw
Wu Jian
Xom
Zin
The Shining One

Shops:
D:3 :[(*


Innate Abilities, Weirdness & Mutations

You have very sharp teeth.
Your uncanny sense of smell can sniff out nearby items.
Your experience applies equally to all skills.
You are clumsy. (Dex -2)
You are strong-willed. (Will+)
Your movements are slightly less encumbered by armour. (ER -2)


Message History

* * * LOW HITPOINT WARNING * * *
The centaur unwields a +0 shortbow.
The centaur hits you.
* * * LOW HITPOINT WARNING * * *
The centaur barely misses you. The gnoll closely misses you.
The centaur hits you but does no damage.
The centaur kicks you but does no damage.
You feel better.
You feel less invigorated.
The centaur hits you but does no damage.
The centaur kicks you but does no damage.
The gnoll hits you from afar with a +0 spear.
The gnoll hits you but does no damage.
The gnoll hits you with a +0 spear of flaming.
* * * LOW HITPOINT WARNING * * *
The gnoll burns you.
* * * LOW HITPOINT WARNING * * *
The centaur hits you but does no damage.
You block the centaur's attack. The gnoll barely misses you. x2
The gnoll completely misses you.
You feel better. You block the centaur's attack.
The centaur kicks you but does no damage.
The centaur hits you.
The centaur kicks you but does no damage.
The gnoll hits you but does no damage. The gnoll barely misses you. x2
The gnoll attacks as you move away! The gnoll hits you with a +0 flail.
* * * LOW HITPOINT WARNING * * *
The centaur hits you but does no damage.
The centaur kicks you but does no damage.
The gnoll hits you from afar with a +0 spear.
* * * LOW HITPOINT WARNING * * *
The gnoll hits you with a +0 spear of flaming.
* * * LOW HITPOINT WARNING * * *
The gnoll burns you.
* * * LOW HITPOINT WARNING * * *
The centaur hits you but does no damage.
The centaur barely misses you. The gnoll hits you but does no damage.
The centaur hits you.
* * * LOW HITPOINT WARNING * * *
The centaur barely misses you.
The gnoll hits you from afar with a +0 spear.
You die...

#.#.###.# #.#.....#
#.# #.......# #.#
#######.### #.#
#........# #.# ∆
...≈≈≈≈≈≈.# #.#
##.≈≈§≈≈§§###.#
...§≈§_§≈...#.#
.#.≈≈>.≈≈.#.#@##
#.≈≈≈≈§≈...cgg##.#.#
#.≈≈§§≈≈....))gS..#
.........!#...##.#.#
#.#########.## .. ..
#.# ## #.# #'# ...


You could see a centaur, 3 gnolls and an adder.

Vanquished Creatures
  Sigmund (D:3)
  A phantom (D:5)
  A scorpion (D:4)
  A gnoll sergeant (D:5)
  A jelly (D:5)
  An orc priest (D:5)
  3 orc wizards
  A gnoll (D:5)
  3 adders
  A dart slug (D:3)
  31 orcs
  8 ball pythons
  2 bats
  4 endoplasms
  2 giant cockroaches
  6 goblins
  3 hobgoblins
  10 jackals
  5 kobolds
  A quokka (D:2)
  11 rats
  A rat zombie (D:4)
98 creatures vanquished.

Vanquished Creatures (others)
  2 plants (D:4)
2 creatures vanquished.

Grand Total: 100 creatures vanquished

Notes
Turn   | Place    | Note
-------+----------+-------------------------------------------
     0 | D:1      | RUZZLEFAZAZZLE the Gnoll Fighter began the quest for the
                  | Orb.
     0 | D:1      | Reached XP level 1. HP: 23/23 MP: 1/1
   249 | D:1      | Reached XP level 2. HP: 28/29 MP: 2/2
   453 | D:1      | Found a faded altar of an unknown god.
   774 | D:2      | Reached XP level 3. HP: 31/35 MP: 3/3
  1490 | D:3      | Noticed Sigmund
  1801 | D:3      | Reached skill level 1 in Invocations
  1861 | D:3      | Found Qeaps's Weapon Shop.
  1866 | D:3      | Bought a +0 vorpal hand axe for 78 gold pieces
  1898 | D:3      | Found a hazy altar of Hepliaklqana.
  1899 | D:3      | Found a shimmering altar of Xom.
  1900 | D:3      | Noticed a spectral ugly thing
  1907 | D:3      | Gained mutation: You are clumsy. (Dex -2) [potion of
                  | mutation]
  1907 | D:3      | Gained mutation: Your movements are slightly less
                  | encumbered by armour. (ER -2) [potion of mutation]
  1907 | D:3      | Gained mutation: You are strong-willed. (Will+) [potion of
                  | mutation]
  1912 | D:3      | Reached skill level 1 in Short Blades
  1912 | D:3      | Reached skill level 1 in Long Blades
  1912 | D:3      | Reached skill level 1 in Maces & Flails
  1912 | D:3      | Reached skill level 1 in Polearms
  1912 | D:3      | Reached skill level 1 in Staves
  1912 | D:3      | Reached skill level 1 in Ranged Weapons
  1912 | D:3      | Reached skill level 1 in Throwing
  1912 | D:3      | Reached skill level 1 in Dodging
  1912 | D:3      | Reached skill level 1 in Stealth
  1912 | D:3      | Reached skill level 1 in Unarmed Combat
  1912 | D:3      | Reached skill level 1 in Spellcasting
  1912 | D:3      | Reached skill level 1 in Evocations
  1929 | D:3      | Reached skill level 1 in Conjurations
  1929 | D:3      | Reached skill level 1 in Hexes
  1929 | D:3      | Reached skill level 1 in Summonings
  1929 | D:3      | Reached skill level 1 in Necromancy
  1929 | D:3      | Reached skill level 1 in Translocations
  1929 | D:3      | Reached skill level 1 in Transmutations
  1929 | D:3      | Reached skill level 1 in Fire Magic
  1929 | D:3      | Reached skill level 1 in Ice Magic
  1929 | D:3      | Reached skill level 1 in Air Magic
  1929 | D:3      | Reached skill level 1 in Earth Magic
  1929 | D:3      | Reached skill level 1 in Poison Magic
  1929 | D:3      | Reached XP level 4. HP: 41/41 MP: 5/5
  2030 | D:3      | Found Ophuzog's Book Emporium.
  2170 | D:3      | Killed Sigmund
  2171 | D:3      | Reached XP level 5. HP: 32/47 MP: 7/7
  2171 | D:3      | Reached XP level 6. HP: 37/53 MP: 8/8
  2173 | D:3      | Reached skill level 5 in Axes
  2343 | D:3      | Found Cuopp's Armour Boutique.
  2622 | D:3      | Found Xuxkaokh's Assorted Antiques.
  2625 | D:3      | Bought a scroll of identify for 50 gold pieces
  2684 | D:3      | Noticed a moth of wrath
  2687 | D:3      | Found a bloodstained altar of Trog.
  3516 | D:4      | Found a staircase to the Ecumenical Temple.
  3525 | Temple   | Entered the Ecumenical Temple
  3533 | Temple   | Became a worshipper of Warmaster Okawaru
  4331 | D:5      | Entered Level 5 of the Dungeon
  4344 | D:5      | Reached XP level 7. HP: 59/59 MP: 10/10
  4579 | D:5      | Found a white marble altar of Elyvilon.
  4611 | D:5      | Slain by a gnoll

Illustrated notes

Levels and vault maps discovered:
D:1:      minmay_arrival_hallway, layout_basic, basic_ecumenical_altar
D:2:      layout_loops_ring
D:3:      layout_rooms, tgw_trog, regret_index_temple_of_mockery,
          portal_sewer_entry_a, serial_shops, nicolae_shop_bloodbath_and_beyond,
          nicolae_diamond_shop, shop, nicolae_shop_behind_doors, uniq_sigmund
D:4:      layout_cave_pods, minmay_temple_entry_stoned_glass, enter_ossuary_3,
          serial_forest, infiniplex_forest_straight_1,
          infiniplex_forest_lined_3, infiniplex_forest_diagonal,
          infiniplex_forest_straight_2, infiniplex_forest_clump_small,
          infiniplex_forest_lined_3, infiniplex_forest_end_1,
          infiniplex_forest_clump_tiny
D:5:      layout_loops_corners, mainiacjoe_overflow_tiny_flanked,
          general_overflow_altar, mainiacjoe_overflow_brackets,
          kennysheep_little_box
Temple:   cyrus_circular_temple

Skill      XL: |  1  2  3  4  5  6  7 |
---------------+----------------------+-----
Invocations    | 1 2 |  2.9
Short Blades   | 1 2 |  2.6
Long Blades    | 1 2 |  2.6
Maces & Flails | 1 2 |  2.6
Polearms       | 1 2 |  2.6
Staves         | 1 2 |  2.6
Ranged Weapons | 1 2 |  2.6
Throwing       | 1 2 |  2.6
Dodging        | 1 2 |  2.6
Stealth        | 1 2 |  2.6
Unarmed Combat | 1 2 |  2.6
Spellcasting   | 1 2 |  2.6
Evocations     | 1 2 |  2.6
Conjurations   | 1 2 |  2.1
Hexes          | 1 2 |  2.1
Summonings     | 1 2 |  2.1
Necromancy     | 1 2 |  2.1
Translocations | 1 2 |  2.1
Transmutations | 1 2 |  2.1
Fire Magic     | 1 2 |  2.1
Ice Magic      | 1 2 |  2.1
Air Magic      | 1 2 |  2.1
Earth Magic    | 1 2 |  2.1
Poison Magic   | 1 2 |  2.1
Axes           | 5 |  5.3
Fighting       | 7 |  7.1
Armour         | 7 |  7.1
Shields        | 7 |  7.1

Action                   |  1- 3 |  4- 6 |  7- 9 || total
-------------------------+-------+-------+-------++-------
Melee: War axe           |    83 |       |       ||    83
       Bite              |     3 |    18 |    11 ||    32
       Hand axe          |    14 |   137 |    37 ||   188
  Use: Potion            |     5 |     1 |     4 ||    10
       Scroll            |     4 |     6 |       ||    10
Armor: Scale mail        |    47 |    33 |       ||    80
       Chain mail        |       |    25 |    29 ||    54
Dodge: Dodged            |    54 |    62 |    25 ||   141
Block: Buckler           |    30 |    26 |     9 ||    65
